 Seeded DCSS version 0.30-a0-956-gcec3b41aec (webtiles) character file.

Game seed: 3125986916090331667 (custom seed)

56 Parcival the Grave Robber (level 3, 0/24 HPs)
             Began as a Vampire Necromancer on Mar 29, 2023.
             Killed by nerve-wracking pain
             ... invoked by a shadow imp
             ... summoned by Natasha
              (10 damage)
             ... on level 2 of the Dungeon.
             The game lasted 00:05:18 (1664 turns).

Parcival the Grave Robber (Vampire Necromancer)     Turns: 1664, Time: 00:05:19

Health: 0/24       AC:  2    Str:  7    XL:     3   Next: 69%
Magic:  4/6        EV: 12    Int: 19    God:
Gold:   82         SH:  0    Dex: 14    Spells: 4/6 levels left

rFire   . . .      SeeInvis +    g - +0 dagger (chaos)
rCold   . . .      Faith    .    (no shield)
rNeg    . . .      Spirit   .    a - +0 robe
rPois   .          Reflect  .    (no helmet)
rElec   .          Rampage  .    (no cloak)
rCorr   .                        (no gloves)
Will    .....                    (no boots)
Stlth   ++                       (no amulet)
HPRegen 0.44/turn                (no ring)
MPRegen 0.10/turn                (no ring)

@: healing quickly
A: alive, fangs 3, see invisible, vampiric 2
a: Exsanguinate


You were on level 2 of the Dungeon.
You visited 1 branch of the dungeon, and saw 2 of its levels.

You collected 82 gold pieces.

Inventory:

Hand Weapons
 g - a +0 dagger of chaos (weapon)
Armour
 a - a +0 robe (worn)
Jewellery
 c - an amulet of magic regeneration
 d - a +6 ring of strength
Scrolls
 h - 3 scrolls of teleportation {unknown}
 i - a scroll of identify
Potions
 b - a potion of magic
 e - a potion of degeneration {unknown}
 f - a potion of heal wounds {unknown}
 j - a potion of lignification {unknown}
 k - a potion of resistance {unknown}


   Skills:
 + Level 0.4 Short Blades
 + Level 2.3 Dodging
 + Level 3.0 Stealth
 + Level 0.2 Unarmed Combat
 + Level 2.3 Spellcasting
 + Level 5.5 Necromancy
 + Level 0.2 Ice Magic


You had 4 spell levels left.
You knew the following spells:

 Your Spells              Type           Power      Damage    Failure   Level
a - Necrotise             Necr           92%        1d8       1%          1
b - Freeze                Ice            8%         1d3       16%         1

Your spell library contained the following spells:

 Spells                   Type           Power      Damage    Failure   Level
 Vampiric Draining        Necr           23%        2d7       4%          3
 Animate Dead             Necr           23%        N/A       17%         4
 Frozen Ramparts          Ice            4%         1d1       41%         3
 Hailstorm                Conj/Ice       2%         3d3       43%         3
 Agony                    Necr           23%        N/A       43%         5


Dungeon Overview and Level Annotations

Branches:
Dungeon (2/15)

Altars:

Annotations:
D:2 Natasha


Innate Abilities, Weirdness & Mutations

Your natural rate of healing is accelerated.
You have razor-sharp teeth.
You have supernaturally acute eyesight. (SInv)
You are afflicted with vampirism and can become a bat while bloodless.


Message History

You can't see any susceptible monsters within range! (Use Z to cast anyway.)
Found an escape hatch in the floor.
Natasha is nearby!
Casting: Necrotise (safe; 1% risk of failure)
Confirm with . or Enter, or press ? or * to list all spells.
Aiming: Necrotise (safe; 1% risk of failure)
Press: ? - help, Shift-Dir - straight line, f - Natasha
Aim: Natasha, carrying a wand of flame (10) (chance to affect: 81%) Natasha writhes in agony.
Casting: Necrotise (safe; 1% risk of failure)
Confirm with . or Enter, or press ? or * to list all spells.
Aiming: Necrotise (safe; 1% risk of failure)
Press: ? - help, Shift-Dir - straight line, f/p - Natasha
Aim: Natasha, carrying a wand of flame (10) (moderately wounded, chance to affect: 81%) Natasha barely resists.
Natasha casts a spell.
Casting: Necrotise (safe; 1% risk of failure)
Confirm with . or Enter, or press ? or * to list all spells.
You can't see any susceptible monsters within range! (Use Z to cast anyway.)
The shadow imp hits you.
Casting: Necrotise (safe; 1% risk of failure)
Confirm with . or Enter, or press ? or * to list all spells.
You can't see any susceptible monsters within range! (Use Z to cast anyway.)
The shadow imp hits you.
You closely miss the shadow imp. The shadow imp hits you.
You closely miss the shadow imp. You bite the shadow imp.
The shadow imp is moderately wounded.
The shadow imp gestures at you. Pain shoots through your body!
You hit the shadow imp but do no damage.
The shadow imp is poisoned.
The shadow imp is moderately wounded.
The shadow imp hits you.
You hit the shadow imp but do no damage.
The shadow imp looks as sick as possible!
You bite the shadow imp, but do no damage.
The shadow imp is moderately wounded.
Natasha mumbles some strange words.
The shadow imp gestures at you. Pain shoots through your body!
You die...

.# #.# .# #.#
.>... .# #.# ....
.# #.# ... .# #.#
.5. .# #.# #.# .##
#.## #h#
..#########..###5#
................@#
#.##########.#####
#.# #†# #.# #.#
#.# #.#
#.##########.#
#............#
##############


You could see Natasha and 2 shadow imps.

Vanquished Creatures
  A gnoll (D:1)
  An adder (D:2)
  A dart slug (D:2)
  2 endoplasms (D:1)
  A giant cockroach (D:2)
  A hobgoblin (D:1)
  6 kobolds
  2 quokkas (D:2)
  5 ball pythons
  2 bats (D:1)
  A frilled lizard (D:2)
  7 goblins
  2 rats (D:1)
32 creatures vanquished.

Vanquished Creatures (collateral kills)
  An endoplasm (D:1)
1 creature vanquished.

Grand Total: 33 creatures vanquished

Notes
Turn   | Place    | Note
-------+----------+-------------------------------------------
     0 | D:1      | Parcival the Vampire Necromancer began the quest for the
                  | Orb.
     0 | D:1      | Reached XP level 1. HP: 13/13 MP: 3/3
    42 | D:1      | Identified a scroll of acquirement
    42 | D:1      | Acquired a book of Frost
    53 | D:1      | Learned a level 1 spell: Freeze
   213 | D:1      | Reached XP level 2. HP: 19/19 MP: 3/5
   562 | D:1      | Reached skill level 5 in Necromancy
   755 | D:1      | Gained mutation: You are afflicted with vampirism and can
                  | become a bat while bloodless. [Vampire growth]
   755 | D:1      | Reached XP level 3. HP: 24/24 MP: 4/6
  1654 | D:2      | Noticed Natasha
  1664 | D:2      | Killed from afar by a shadow imp

Illustrated notes

Levels and vault maps discovered:
D:1:      amcnicky_arrival_single_pillar, layout_loops_cross,
          hangedman_glass_garden
D:2:      layout_loops_ring, dk_vineyard_1, uniq_natasha

Skill      XL: |  1  2 |
---------------+-------+-----
Necromancy     | 5 |  5.5
Short Blades   | |  0.4
Dodging        | |  2.3
Stealth        | |  3.0
Unarmed Combat | |  0.2
Spellcasting   | |  2.3
Ice Magic      | |  0.2

Action                     || total
---------------------------++-------
  Melee: Unarmed           ||     9
         Bite              ||     6
         Dagger            ||    10
   Cast: Necrotise         ||    48
         Freeze            ||     2
    Use: Scroll            ||     3
   Stab: Sleeping          ||     1
 Armour: Robe              ||     3
  Dodge: Dodged            ||    14

Table legend: (Time is in decaauts)
 A = Elapsed time spent in this place.
 B = Non-inter-level travel time spent in this place.
 C = Inter-level travel time spent in this place.
 D = Time resting spent in this place.
 E = Time spent auto-exploring this place.
 F = Levels seen in this place.
 G = Mean time per level.
                   A        B        C        D        E       F      G
               +--------+--------+--------+--------+--------+-----+--------+
         Total |   1664 |   1544 |    120 |      0 |   1301 |   2 |  832.0 |
       Dungeon |   1664 |   1544 |    120 |      0 |   1301 |   2 |  832.0 |
               +--------+--------+--------+--------+--------+-----+--------+

Top non-repeatable levels by time:
     D:1: 982 daAuts
     D:2: 681 daAuts
